AoeStats
← Fiction

Arabia

508283448Analyzed
2v2 RM · 10d ago on Sep 21, 2026· 27m 29s· 4 players
Game mode
Random Map
Map size
Medium (4 player)
Population
200
Speed
Normal
Resources
Standard
Victory
Conquest
Starting age
Dark Age
Ending age
Imperial Age
RankedLock teamsTeams togetherTeam positionsShared explorationLock speedFull tech treeHidden civsTurbo modeCheats
Victory
Defeat
🇫🇷 Lithuanians · France
1540
+15
🇫🇷 Ethiopians · France
1487
+17
🇨🇭 Magyars · Switzerland
1553
-17
🇨🇭 Britons · Switzerland
1477
-15
xcmpierrexcm
6:11 Loom
8:32 Feudal Age
9:07 Double-Bit Axe
17:36 Scale Barding Armor
19:31 Bloodlines
20:35 Forging
24:10 Castle Age
24:13 Light Cavalry
25:22 Chain Barding Armor
25:21 Husbandry
Sunrise1988
6:48 Loom
9:37 Feudal Age
12:56 Double-Bit Axe
15:53 Fletching
18:22 Padded Archer Armor
24:07 Castle Age
22:49 Gold Mining
24:10 Crossbowman
24:54 Bodkin Arrow
27:37 Ballistics
27:12 Horse Collar
Fiction
6:44 Loom
9:04 Feudal Age
9:50 Double-Bit Axe
12:17 Fletching
15:38 Padded Archer Armor
22:25 Wheelbarrow
24:53 Castle Age
22:40 Horse Collar
25:00 Gold Mining
25:07 Crossbowman
26:52 Bow Saw
Jiav
6:52 Loom
9:50 Feudal Age
15:33 Horse Collar
20:17 Double-Bit Axe
22:47 Scale Barding Armor
26:34 Castle Age
25:28 Bloodlines
Connection lost

Rejoining the realm…

Still unreachable

The connection could not be restored.

Session expired

The server has moved on; the page needs a fresh start.